[Event "4th Tata Steel India Blitz Open 2022"]
[Site "Kolkota"]
[Date "2022.12.04"]
[Round "16.5"]
[White "Nakamura, Hikaru"]
[Black "Gukesh D"]
[Result "1-0"]
[ECO "D35"]
[WhiteElo "2768"]
[BlackElo "2725"]
[Annotator "TA"]
[PlyCount "75"]
[EventDate "2022.11.29"]
[EventType "tourn"]
[EventCountry "IND"]
[SourceTitle "playchess.com"]
[Source "ChessBase"]
[SourceQuality "1"]
[TimeControl "180+2"]

1. c4 e6 2. Nc3 d5 3. d4 Nf6 4. cxd5 exd5 5. Bg5 Bb4 6. e3 h6 7. Bh4 g5 {[%emt 0:00:02] D35: Queen's Gambit Declined: Exchange Variation.} 8. Bg3 Ne4 9. Rc1 (9. Nge2 {simplifies} c6 10. a3 Bxc3+ 11. Nxc3 Nxg3 12. hxg3 Nd7 13. Qd2) 9... Nc6 (9... h5 $11) 10. Bd3 $14 {[%emt 0:00:13] [#]} h5 $146 {[%emt 0:00:08] [#]} (10... Nxg3 $16 {was worth a try.} 11. hxg3 Be6) ({Predecessor:} 10... Qe7 11. Nge2 h5 12. h4 Bg4 13. Bxe4 dxe4 14. d5 O-O-O 15. a3 Bxc3+ 16. Rxc3 Ne5 {0-1 (41) Wagner,D (2581)-Matlakov,M (2685) Chess.com INT 2020}) 11. f3 $2 (11. Bxe4 $1 $18 {[%cal Og3c7] aiming for Bxc7!} dxe4 12. h4) 11... Nxg3 $11 12. hxg3 Qe7 $36 {[%emt 0:00:23][%mdl 2048] Black has the initiative.} 13. Kf2 Be6 14. Nge2 h4 15. g4 (15. gxh4 $14 gxh4 16. Bb5) 15... O-O-O 16. a3 {[%emt 0:00:01] Against a6} Bd6 (16... Bxc3 {is more complex.} 17. Nxc3 Qf6 18. Qb3 Kb8) 17. Nb5 {[%emt 0:00:05][%cal Oc1c6] Black must now prevent Rxc6!} a6 18. Nxd6+ Rxd6 19. Qd2 Rf8 20. Bf5 (20. b4 $15) 20... Bxf5 $17 21. gxf5 Qd7 (21... g4 {feels hotter.} 22. Nf4 g3+ 23. Ke1 Re8) 22. Qd3 Ne7 23. g4 hxg3+ 24. Nxg3 Rf6 25. e4 dxe4 26. fxe4 Rd6 27. d5 Nxd5 28. exd5 $11 Rxd5 29. Qc4 Rd2+ 30. Kg1 Re8 {[%emt 0:00:15] Hoping for ...Rd4.} 31. Rh2 {[%emt 0:00:10] And now Rxd2 would win.} Rd4 32. Qc2 Rg4 33. Rg2 (33. Rd1 $11 Qb5 34. Rh3) 33... Re3 $2 (33... Qd4+ $19 34. Qf2 Re3) 34. Nf1 $1 $14 Ree4 35. Qc5 (35. Qc3 $16) 35... b5 (35... Rxg2+ $11 {remains equal.} 36. Kxg2 Rg4+ 37. Kh3 Re4) 36. Qa7 (36. Ne3 $16 Rxg2+ 37. Nxg2 (37. Kxg2 Qd2+ 38. Kh1 Rh4+ 39. Kg1 Qh2+ 40. Kf1 Kb8 $16)) 36... Rxg2+ $11 37. Kxg2 {[%emt 0:00:01][%cal Ra7a8] The board is on fire.} Rc4 $2 {[%emt 0:00:03][%mdl 8192] [#]} (37... Rg4+ $11 38. Kh3 Rh4+ 39. Kg3 Qd6+ 40. Kg2 Rg4+ 41. Kh3 Rh4+ 42. Kg2 Rg4+ 43. Kh3 Rh4+ 44. Kg2) 38. Qa8# {[%emt 0:00:02] Weighted Error Value: White=0.39/Black=0.45} 1-0

[Event "4th Tata Steel India Blitz Open 2022"]
[Site "Kolkota"]
[Date "2022.12.04"]
[Round "17.1"]
[White "Mamedyarov, Shakhriyar"]
[Black "Abdusattorov, Nodirbek"]
[Result "1/2-1/2"]
[ECO "E11"]
[WhiteElo "2741"]
[BlackElo "2713"]
[Annotator "TA"]
[PlyCount "31"]
[EventDate "2022.11.29"]
[EventType "tourn"]
[EventCountry "IND"]
[SourceTitle "playchess.com"]
[Source "ChessBase"]
[SourceQuality "1"]
[TimeControl "180+2"]

1. d4 Nf6 2. c4 e6 3. Nf3 Bb4+ 4. Bd2 Bxd2+ 5. Qxd2 O-O 6. Nc3 d5 7. e3 Qe7 8. Rc1 Rd8 9. Qc2 dxc4 10. Bxc4 c5 {[%emt 0:00:01] The position is equal.} 11. O-O {[%emt 0:00:14] E11: Bogo-Indian.} cxd4 12. Nxd4 Bd7 13. Qb3 Be8 {[%emt 0:00:37] [#]} 14. Rfd1 $146 ({Predecessor:} 14. Bb5 Nbd7 15. Rfd1 Kf8 16. Be2 Ne5 17. Ncb5 Nc6 18. Bf3 Rab8 19. Qc2 Nxd4 20. Nxd4 {½-½ (31) Parligras,M (2616)-Meier,G (2655) Germany 2018}) 14... Nc6 {[%emt 0:00:03] [#] And now ...Na5 would win.} 15. Nxc6 Bxc6 16. Bb5 {[%emt 0:00:01] An uneventful encounter.   Weighted Error Value: White=0.04 (flawless) /Black=0.01 (flawless)} 1/2-1/2

[Event "4th Tata Steel India Blitz Open 2022"]
[Site "Kolkota"]
[Date "2022.12.04"]
[Round "17.2"]
[White "Rameshbabu, Praggnanandhaa"]
[Black "Gukesh D"]
[Result "1-0"]
[ECO "A09"]
[WhiteElo "2678"]
[BlackElo "2725"]
[Annotator "TA"]
[PlyCount "137"]
[EventDate "2022.11.29"]
[EventType "tourn"]
[EventCountry "IND"]
[SourceTitle "playchess.com"]
[Source "ChessBase"]
[SourceQuality "1"]
[TimeControl "180+2"]

1. Nf3 {[%emt 0:00:01] Marin,Mihail} d5 2. g3 g6 3. c4 dxc4 4. Na3 Bg7 5. Nxc4 Nc6 6. d3 {[%emt 0:00:01] A09: Réti Opening: 1 Nf3 d5 2 c4.} e5 7. Bd2 {[%emt 0:00:01] Inhibits e4.} Nge7 8. Bg2 {[%emt 0:00:01] The position is equal.} O-O 9. Rc1 $5 {[%emt 0:00:02][%mdl 4] A promising side line.} a5 10. O-O Be6 11. b3 f6 {[%emt 0:00:05] [#]} 12. a3 $146 ({Predecessor:} 12. Qc2 Qd7 13. Rfd1 Rfd8 14. Bc3 Nd5 15. Bb2 Bh6 16. e3 a4 17. a3 axb3 18. Qb1 Bf8 19. d4 exd4 20. Bxd4 Qf7 21. Qxb3 Nb6 22. Nfd2 Nxc4 23. Nxc4 Na5 {0-1 (23) Gledura,B (2589)-Nakamura,H (2785) Caleta 2017 CBM 177 [Marin,Mihail]}) 12... Nd5 13. Qc2 Qd7 14. Qb1 Qe7 15. Rfd1 Rfd8 16. h3 Ra6 17. e4 Nb6 18. Be3 $1 Nd7 19. a4 Raa8 20. d4 exd4 21. Nxd4 Nxd4 22. Bxd4 c6 23. Bb2 Bf8 24. Qa1 Bxc4 ({Black should try} 24... Qg7 $11) 25. Rxc4 $14 Ne5 26. Rcd4 (26. Rcc1 $5 ) 26... Bg7 (26... Rxd4 $11 {remains equal.} 27. Bxd4 Rd8) 27. f4 {[%emt 0:00:08] [#] Rxd8+ is the strong threat.} Nf7 28. Kh2 Rxd4 29. Bxd4 Rd8 30. Bb6 Rxd1 31. Qxd1 Qb4 32. Bc7 (32. Bd4 $14) 32... Bf8 $11 33. e5 fxe5 34. fxe5 Qe7 {[%emt 0:00:01][%csl LRc7,LRe5] Against e6} 35. Bxa5 Qxe5 36. Qe1 Qxe1 37. Bxe1 {[%emt 0:00:01][%mdl 4096] Endgame KBB-KBN} Ne5 38. Be4 Bd6 39. Kg2 Kf7 40. Kf2 Ke6 41. Ke3 Nd7 42. Ke2 Nc5 43. Bc2 Kd5 44. g4 Ke6 (44... Ne6 $11) 45. Bc3 Be5 46. Bd2 Kd5 47. Kf3 Ne6 {[%emt 0:00:02] White must now prevent ...Nd4+.} 48. Bd1 Nd4+ 49. Ke3 c5 50. Kd3 Bc7 51. h4 Bd8 52. h5 gxh5 53. gxh5 Be7 54. Be3 b6 55. Bf4 Bf6 56. Bc7 (56. h6 $16) 56... Kc6 57. Bf4 Kd5 58. h6 {[%emt 0:00:02] Threatens to win with Bh5.} Be7 $2 (58... Be5 $16 59. Bc1 Nf5) 59. Be3 $2 (59. Bh5 $18) 59... Bf8 60. Bg4 (60. b4 $14) 60... Nxb3 61. Bf5 c4+ 62. Kc3 Nc5 $1 63. Bxh7 {[%emt 0:00:03] And now Bc2 would win. This pair of bishops is nice.} Nxa4+ 64. Kc2 b5 65. Bg8+ Ke4 66. Bd2 (66. h7 $5 Bg7 $8 67. Bd2 $11) 66... Nb6 $2 {[%emt 0:00:02][%mdl 8192] [#]} (66... Kf5 $11) 67. h7 $1 {[%emt 0:00:01] White mates.} Bg7 68. Bc3 Bxc3 69. Kxc3 {[%emt 0:00:00] Weighted Error Value: White=0.26 (precise) /Black=0.17 (very precise)} 1-0

[Event "4th Tata Steel India Blitz Open 2022"]
[Site "Kolkota"]
[Date "2022.12.04"]
[Round "17.3"]
[White "Erigaisi Arjun"]
[Black "Nakamura, Hikaru"]
[Result "1-0"]
[ECO "E20"]
[WhiteElo "2718"]
[BlackElo "2768"]
[Annotator "TA"]
[PlyCount "93"]
[EventDate "2022.11.29"]
[EventType "tourn"]
[EventCountry "IND"]
[SourceTitle "playchess.com"]
[Source "ChessBase"]
[SourceQuality "1"]
[TimeControl "180+2"]

1. d4 Nf6 2. c4 e6 3. Nc3 Bb4 4. f3 c5 5. d5 O-O 6. e4 b5 {[%emt 0:00:01] E20: Nimzo-Indian: 4 g3 and 4 f3.} 7. e5 {[%emt 0:00:01] Prevents d6.} Ne8 8. f4 exd5 {[%emt 0:00:01] The position is equal.} 9. cxd5 d6 {[%emt 0:00:00] Strongly threatening ...dxe5.} 10. Nf3 c4 11. a4 Nd7 12. axb5 $5 {[%emt 0:00:03][%mdl 4] A promising side line.} dxe5 13. Bxc4 Nd6 (13... Qc7 {feels hotter.} 14. Be2 e4 15. Nd2 Qxf4 16. Nc4 Qh4+) 14. Be2 $1 {[%emt 0:00:03] [#]} (14. Nxe5 $2 Nxe5 15. Be2 Ng4 $1 16. Bxg4 Qh4+ 17. g3 Qxg4 18. Qxg4 Bxg4 $19) 14... exf4 $146 ({Predecessor:} 14... Qb6 15. Bd2 Bxc3 16. Bxc3 Ne4 17. Rf1 Nxc3 18. bxc3 Qc5 19. c4 Re8 20. Rf2 e4 21. Nd4 e3 22. Rf3 Nb6 23. Nc6 Re4 {½-½ (23) Erigaisi,A (2675)-Sadhwani,R (2628) Ciutadella de Menorca 2022}) 15. O-O $1 Bb7 (15... g5 $11) 16. Bxf4 $14 Nf6 17. Bd3 (17. Qd4 $16 Bxc3 18. bxc3) 17... Bxc3 $11 18. bxc3 Nxd5 19. Bd2 $132 {[%emt 0:00:24][%mdl 2048] White is fighting back. This pair of bishops is nice.} Rc8 {[%emt 0:00:14] Prevents c4.} 20. Qc2 (20. Rxa7 $2 Qb6+ 21. Kh1 Qxa7 $19) 20... h6 21. c4 {[%emt 0:00:27] [#]} (21. Rxa7 $2 Qb6+ 22. Kh1 Qxa7 $19) (21. Bh7+ Kh8 22. Bd3 (22. Rxa7 $2 Qb6+ 23. Kh1 Qxa7 $19) 22... Nb4 $17) (21. Kh1 $11) 21... Qb6+ (21... Nxc4 $1 $17 {White must now prevent ...Nde3.} 22. Bxc4 Nb6) 22. Kh1 {[%emt 0:00:03] aiming for Qb3.} Ne3 23. Bxe3 Qxe3 24. Rae1 Qc5 25. Ne5 (25. Re5 {simplifies} Qc7 26. Rc1 a6 27. bxa6 Bxa6 28. c5) 25... Rfe8 26. Qb2 (26. Bh7+ Kh8 27. Nc6 (27. Nxf7+ $2 Nxf7 28. Rxe8+ Rxe8 $19) 27... Rxe1 28. Rxe1 Bxc6 29. bxc6 Qxc6 $17) (26. Nd7 $1 $11 Qc7 27. Ne5) 26... Rc7 27. Ng4 (27. Re2 $15 {should be considered.}) 27... Rce7 (27... Be4 $1 $17 28. Qd2 Qd4) 28. Rxe7 {[%emt 0:00:02] Chess con chili.} Rxe7 29. h3 $2 (29. Qf2 $11 {and White has nothing to worry.} Qa3 30. Rd1) 29... h5 $19 (29... Nxc4 30. Qf2 Qxf2 31. Rxf2 $17) 30. Qf2 Qg5 ({Not} 30... Qa3 31. Qg3 Kf8 32. Nf2 $15) 31. Nh2 Re3 32. h4 Qe5 33. Rd1 (33. c5 Qxc5 34. Nf3) 33... Ne4 $2 (33... Rg3 $19 34. Bf1 Rh3) 34. Bxe4 $11 Qxe4 35. Nf3 {[%emt 0:00:06] Prevents Qe5. And now Rd8+ would win.} f6 (35... Qe8 $11) 36. Qg3 (36. c5 $1 $16 Kh7 37. c6) 36... Qe7 37. Rf1 (37. Qd6 $11 {remains equal.}) 37... Re4 (37... Bxf3 $17 38. Rxf3 Re4) 38. c5 (38. Re1 $1 $11) 38... Bd5 (38... Qxc5 $17 39. Qb8+ Bc8) 39. c6 {[%emt 0:00:02] [#]} (39. Rc1 $11) 39... Rc4 $2 {[%emt 0:00:01] [#]} (39... Qc5 $1 $17 {[%cal Rc5b5] keeps the pressure on.} 40. c7 Rc4) 40. Re1 (40. Rd1 $1 $16 Qf7 41. Qe1) 40... Qd8 (40... Qb4 $11 {and Black is okay.} 41. c7 (41. Re8+ Kf7 $15) 41... Bxf3 42. Re8+ Kf7) 41. Rd1 $18 Rc5 42. Qf2 $2 (42. Qg6 $18 {and White stays clearly on top.}) 42... Rxb5 ({Black should try} 42... Qe7) 43. Nd4 $2 {[%emt 0:00:02] White is more active.} (43. Qxa7 $16 {c7 is the strong threat.} Qa5 44. Qxa5 Rxa5 45. c7) 43... Bxc6 {[%emt 0:00:03] Threatens to win with ...Rb4.} 44. Rc1 Be8 (44... Bxg2+ $11 {keeps the balance.} 45. Kxg2 Qd5+ 46. Kg3 Rb4 47. Rc8+ Kf7 48. Rc7+ Kg8 49. Rc8+ Kf7) 45. Nxb5 $16 Bxb5 46. Qxa7 Be2 $2 (46... Qd2 $16 47. Qa8+ Kf7 48. Qb7+ Kg6 49. Qe4+ Kf7 50. Rc7+ Bd7 51. Qc4+ Ke7) 47. Qa2+ {[%emt 0:00:02] White used his chance.   Weighted Error Value: White=0.59/Black=0.60} 1-0

[Event "4th Tata Steel India Blitz Open 2022"]
[Site "Kolkota"]
[Date "2022.12.04"]
[Round "17.4"]
[White "Maghsoodloo, Parham"]
[Black "Nihal Sarin"]
[Result "1-0"]
[ECO "E51"]
[WhiteElo "2720"]
[BlackElo "2670"]
[Annotator "TA"]
[PlyCount "61"]
[EventDate "2022.11.29"]
[EventType "tourn"]
[EventCountry "IND"]
[SourceTitle "playchess.com"]
[Source "ChessBase"]
[SourceQuality "1"]
[TimeControl "180+2"]

1. d4 Nf6 2. c4 e6 3. Nc3 Bb4 4. Nf3 d5 5. a3 Bxc3+ 6. bxc3 c6 7. e3 O-O 8. a4 {[%emt 0:00:02] E51: Nimzo-Indian: Rubinstein: 4...0-0 5 Nf3 d5.} b6 9. Be2 $5 {[%emt 0:00:15][%mdl 4] A promising side line.} Ba6 10. Nd2 {[%emt 0:00:01] The position is equal.} Re8 11. O-O Nbd7 {[%emt 0:00:04] [#]} 12. a5 $146 ({Predecessor:} 12. Ba3 Qc7 13. Rc1 c5 14. Re1 Rac8 15. Bf1 Qb7 16. Qf3 Ne4 17. Nxe4 dxe4 18. Qd1 {½-½ (35) Kazhgaleyev,M (2569)-Ahmed,A (2231) Chess.com INT 2020}) 12... c5 13. axb6 axb6 {[%emt 0:00:02] [#]} 14. Rxa6 $1 Rxa6 15. cxd5 Ra7 16. dxe6 Rxe6 17. Bc4 Re8 18. Qb3 Qe7 19. e4 {[%emt 0:00:45] Hoping for e5.} cxd4 (19... Nxe4 $2 20. Re1 (20. Nxe4 Qxe4 21. Bxf7+ Kh8 $18) 20... Ndf6 21. Nxe4 (21. Qxb6 Qc7 $17) (21. f3 Nxd2 22. Rxe7 Nxb3 $14) 21... Nxe4 22. f3 $18 (22. Qxb6 Raa8 $17)) (19... b5 $1 $11 20. Bxb5 Rb8) 20. cxd4 $16 {[%emt 0:00:00] Threatens to win with e5.} b5 $1 {[%emt 0:00:05] Prevents e5.} 21. Bd3 {[%emt 0:00:00] Black must now prevent e5.} (21. Qxb5 $5 Rb8 22. Qf5 $14) 21... b4 {[%emt 0:00:34] Loses the game.} (21... Qe6 $1 $11 {and Black is okay.}) 22. e5 $18 Nxe5 23. dxe5 Qxe5 24. Qxb4 Rd7 25. Nf3 Qd6 26. Qxd6 Rxd6 27. Bc4 h6 28. h3 Nd7 29. Bb5 Rd8 30. Bf4 Rb6 {[%emt 0:00:04] [#]} (30... Rd5) 31. Bc7 {[%emt 0:00:02][%csl LRb6,LRd8] Weighted Error Value: White=0.10 (very precise) /Black=0.30} 1-0

[Event "4th Tata Steel India Blitz Open 2022"]
[Site "Kolkota"]
[Date "2022.12.04"]
[Round "17.5"]
[White "So, Wesley"]
[Black "Vidit, Santosh Gujrathi"]
[Result "0-1"]
[ECO "A21"]
[WhiteElo "2760"]
[BlackElo "2724"]
[Annotator "TA"]
[PlyCount "64"]
[EventDate "2022.11.29"]
[EventType "tourn"]
[EventCountry "IND"]
[SourceTitle "playchess.com"]
[Source "ChessBase"]
[SourceQuality "1"]
[TimeControl "180+2"]

1. c4 {[%emt 0:00:02] ChessBase II} e5 2. Nc3 Bb4 3. Nd5 a5 4. a3 Be7 5. Nf3 d6 6. d4 {[%emt 0:00:16] A21: English Opening: 1...e5 2 Nc3.} Nd7 $5 {[%emt 0:00:02][%mdl 4] Exploring less charted territory.} 7. e3 Ngf6 8. Nc3 {[%emt 0:00:18] White has an edge.} O-O 9. Be2 Re8 10. O-O {[%emt 0:00:01] [#]} Bf8 $146 ({Predecessor:} 10... c6 11. b3 e4 12. Ne1 Nf8 13. f4 exf3 14. Bxf3 d5 15. Nd3 Ng6 16. g3 Be6 {0-1 (60) Spraggett,K (2539)-Kovalenko,I (2656) Cappelle la Grande 2015 EXT 2016 [ChessBase II]}) 11. Qc2 c6 12. Rb1 e4 13. Nd2 d5 14. b4 axb4 15. axb4 Nb6 (15... Bd6 $11) 16. c5 $14 Nbd7 17. b5 h5 18. Bb2 (18. f3 $16) 18... Ng4 $1 19. Ra1 (19. h3 $5 Nh6 20. Ra1 (20. Bxh5 Nxc5 21. dxc5 Qg5 $11) 20... Rxa1 21. Rxa1 $14) 19... Rxa1 20. Rxa1 {[%emt 0:00:01] White wants to play h3.} Qh4 21. Bxg4 Qxg4 22. Ra8 (22. h3 $5 Qg6 23. Kf1 $14) 22... h4 (22... Qg6 {simplifies} 23. Kf1 Nf6 24. bxc6 bxc6 25. Qa4 Qf5) 23. h3 Qg6 {[%emt 0:00:01][%cal Od7b6] Threatens to win with ...Nb6!} 24. Qa4 $2 {[%emt 0:00:20][%mdl 8192] [#] White does not recover from this.} (24. Kf1 $11) 24... Nxc5 $1 $19 25. dxc5 {[#]} (25. Qa1 Bxh3) 25... Bxh3 $1 26. g3 Rxa8 27. Qxa8 hxg3 28. Ne2 gxf2+ (28... cxb5 29. Nxg3 (29. fxg3 $2 {too greedy.} Qh5 $19) 29... Qg4 30. Bc3 $14 (30. Qxb7 Qd1+ 31. Ngf1 Qg4+ 32. Ng3 Qd1+ 33. Ngf1 Qg4+ 34. Ng3 $11)) 29. Kxf2 Qg2+ ({And not} 29... cxb5 30. Nf4 (30. Ng3 Qc6 $11) 30... Qf5 31. Ba3 $11) 30. Ke1 Bg4 ({Weaker is} 30... cxb5 31. Qb8 $17) 31. Nd4 Qg3+ 32. Kf1 Qxe3 {[%emt 0:00:02] Weighted Error Value: White=0.97/Black=0.05 (flawless)} 0-1

[Event "4th Tata Steel India Blitz Open 2022"]
[Site "Kolkota"]
[Date "2022.12.04"]
[Round "18.1"]
[White "Nakamura, Hikaru"]
[Black "Rameshbabu, Praggnanandhaa"]
[Result "1-0"]
[ECO "A20"]
[WhiteElo "2768"]
[BlackElo "2678"]
[Annotator "TA"]
[PlyCount "55"]
[EventDate "2022.11.29"]
[EventType "tourn"]
[EventCountry "IND"]
[SourceTitle "playchess.com"]
[Source "ChessBase"]
[SourceQuality "1"]
[TimeControl "180+2"]

1. c4 e5 2. a3 Nf6 3. d3 c6 4. Nf3 Bd6 5. Bg5 h6 6. Bh4 {[%emt 0:00:01] A20: English Opening: 1...e5.} Bc7 7. Nc3 d6 8. e3 {[%emt 0:00:02] The position is equal.} Nbd7 9. d4 Qe7 10. Be2 Nf8 {[%emt 0:00:26] [#]} 11. Qc2 $146 ({Predecessor:} 11. c5 dxc5 12. dxe5 Bxe5 13. Nxe5 Qxe5 14. O-O Qe7 15. e4 Ng6 16. Bg3 Ne5 17. f4 {½-½ (72) Motuz,K (2311)-Jurcik,M (2339) Slovakia 2007}) 11... Ng6 12. Bg3 O-O 13. Bd3 {[%emt 0:00:09] [#]} Nf4 $1 14. Bf1 {[%emt 0:00:15] [#]} (14. Bxf4 {simplifies} exf4 15. e4 Bg4 16. O-O-O) 14... Bg4 $1 15. O-O-O (15. exf4 exf4+) 15... exd4 16. Rxd4 Ne6 {[%emt 0:00:02] Strongly threatening ...Bxf3.} 17. Rd1 Nc5 18. Be2 Bh5 19. Nh4 {[%emt 0:00:10] Against Bg6} Bxe2 20. Nxe2 (20. Nf5 $5 Qd7 21. Nxe2 $11) 20... Nfe4 {[%emt 0:00:16] [#]} (20... g6 $1 $11 {remains equal.}) 21. Kb1 (21. Nf5 $1 $16 Qd7 22. Ned4) 21... a5 {[%emt 0:00:04] This move loses the game for Black.} ({Better is} 21... g6 $14) 22. Nf5 Qf6 23. Ned4 {[%emt 0:00:01] Black must now prevent f3.} a4 $2 (23... Rfe8 24. Bh4 Qg6) 24. f3 $18 Nxg3 25. hxg3 {[%emt 0:00:01][%cal Of5g7] Hoping for Nxg7! White is clearly winning.} Rad8 {[%emt 0:00:12] [#]} (25... Ne6 $142 26. Nxe6 fxe6 27. Nxd6 Bxd6) 26. Nxh6+ $1 gxh6 27. Nf5 d5 28. Nxh6+ {[%emt 0:00:18] Weighted Error Value: White=0.15 (very precise) /Black=0.50} 1-0

[Event "4th Tata Steel India Blitz Open 2022"]
[Site "Kolkota"]
[Date "2022.12.04"]
[Round "18.2"]
[White "Vidit, Santosh Gujrathi"]
[Black "Mamedyarov, Shakhriyar"]
[Result "1-0"]
[ECO "C45"]
[WhiteElo "2724"]
[BlackElo "2741"]
[Annotator "TA"]
[PlyCount "155"]
[EventDate "2022.11.29"]
[EventType "tourn"]
[EventCountry "IND"]
[SourceTitle "playchess.com"]
[Source "ChessBase"]
[SourceQuality "1"]
[TimeControl "180+2"]

1. e4 e5 2. Nf3 Nc6 3. d4 exd4 4. Nxd4 Nf6 5. Nxc6 bxc6 6. Nd2 d5 7. exd5 {[%emt 0:00:01] C45: Scotch Game.} cxd5 8. Bb5+ Bd7 9. Bxd7+ {[%emt 0:00:02] The position is equal.} Qxd7 10. O-O Be7 11. b3 O-O 12. Bb2 Rfe8 13. Qf3 {[%emt 0:00:03] [#]} a5 $146 ({Predecessor:} 13... c5 14. Rad1 Rad8 15. Rfe1 h6 16. Nf1 d4 17. Ng3 Bd6 18. Nf5 Be5 19. Bc1 Re6 {0-1 (59) Matlakov,M (2698)-Tang,A (2538) Chess.com INT 2020}) 14. a4 Ra6 (14... Ng4 {keeps more tension.} 15. Rae1 Bd6 16. h3 Bh2+) 15. Rad1 Bb4 (15... Re6 $5) 16. Nc4 Qe6 (16... Ne4 $11 {remains equal.}) 17. Ne3 $16 c6 18. Nf5 (18. Bxf6 {simplifies} Qxf6 19. Qxf6 gxf6 20. Rd3) 18... Raa8 {[%emt 0:00:02] [#]} (18... Bf8 $14) 19. Qf4 {[%emt 0:00:48] White is more active.} (19. Nxg7 $1 $16 Kxg7 20. Rd3) 19... Nh5 $1 $11 20. Qf3 ({Better is} 20. Qg5 $11 Qg6 21. h4) 20... Nf6 $1 $16 21. Rd3 {[%emt 0:00:10][%cal Of5g7] Hoping for Nxg7!} (21. Nxg7 {seems wilder.} Kxg7 22. Rd3 Qd6 23. Qxf6+ Qxf6 24. Rg3+) 21... Bf8 22. Nh6+ $1 gxh6 (22... Kh8 $16) 23. Bxf6 $18 (23. Qxf6 $6 Qxf6 24. Bxf6 Bd6 $14) 23... Bg7 24. Bxg7 Kxg7 25. Qf4 Kh8 (25... c5 $142 26. Re3 (26. Qc7 Rec8 $16) 26... Qc6 27. Rg3+ (27. Rf3 Re7 $16) 27... Kf8) 26. Re3 Qg6 27. Rg3 Qe6 28. Qd4+ f6 29. Re3 $40 {[%emt 0:00:08][%mdl 128] Prevents Qe5. White is out for blood.} Qf7 (29... Qf5 $142 30. Qc3 Re6) 30. Rfe1 Rxe3 31. Rxe3 {[%emt 0:00:01][%mdl 4096] Endgame KQR-KQR} (31. Qxe3 $6 Qg6 32. Qc3 Re8 $18) 31... Rf8 32. Qc5 Re8 33. Qxc6 Rxe3 34. fxe3 {[%emt 0:00:02] KQ-KQ} Qe7 35. Kf2 (35. Qxd5 Qxe3+ 36. Kf1 Qc1+ 37. Kf2 Qxc2+ 38. Kg3 Kg7 $11) 35... Qe5 36. Qc8+ Kg7 37. Qg4+ Kh8 38. Qf4 {[%emt 0:00:03] Threatens to win with Qxe5.} Qc3 39. Qf5 (39. Qxh6 $6 Qxc2+ 40. Kg3 Kg8 $16) 39... Qd2+ 40. Kf3 Qd1+ 41. Kg3 {[%emt 0:00:01] Qc8+ is the strong threat.} Qe1+ 42. Qf2 Qc3 43. Qf4 Kg7 44. Qg4+ Kh8 45. Qd4 Qc7+ 46. Kf3 Qc6 47. c3 Kg7 48. h3 (48. Qa7+ $6 Kg6 $18) 48... h5 49. Ke2 ({Don't do} 49. Qa7+ $6 Kg6 $18) 49... Qb7 $2 (49... Kf8 50. b4 axb4 51. cxb4 Qxa4 52. Qxf6+ Ke8 53. Qe6+ Kf8 54. Qd6+ Kg7 55. Qxd5 Qxb4 56. Qd4+ Qxd4 57. exd4 Kg6) 50. b4 axb4 51. cxb4 Qc6 52. b5 Qc2+ 53. Kf3 h4 54. Qg4+ Kf7 55. Qh5+ ({Not} 55. Qxh4 Qd1+ 56. Kf2 Qd2+ 57. Kg1 Qxe3+ 58. Qf2 Qc3 $18) 55... Kg7 56. Qxh4 Qd1+ 57. Kf2 {[%emt 0:00:01] And now Qg4+ would win.} Qd2+ 58. Kf1 Qxe3 59. Qg4+ Kh6 60. Qd1 (60. Qf3 $142 Qc1+ 61. Kf2) 60... d4 61. b6 (61. Qf3 $18 {is more deadly.} Qc1+ 62. Ke2 Qc2+ 63. Kf1 Qc1+ 64. Kf2 Qb2+ 65. Qe2) 61... d3 $2 (61... Qf4+ $16 62. Kg1 (62. Qf3 Qc1+ 63. Kf2 Qb2+ 64. Ke1 Qb1+ 65. Ke2 Qxb6 $11) 62... Qe3+ 63. Kh2 d3) 62. b7 Qf4+ 63. Kg1 $2 (63. Qf3 $18 {and the rest is easy.} Qc1+ 64. Kf2 Qb2+ 65. Ke3 Qe5+ 66. Kxd3) 63... Qe3+ 64. Kh2 Qe5+ $2 (64... Qf4+ $16 65. Kh1 d2) 65. Kh1 $1 {[%emt 0:00:02][%cal Od1f1] Qf1! would kill now.} Qb2 66. Qxd3 {[%emt 0:00:03] Threatening mate with Qe3+.} Qxb7 67. Qe3+ $2 (67. a5 Qb2 68. Qd6) 67... Kg6 68. Qg3+ Kh6 $2 (68... Kf7 69. Qd3 Qc6 70. Qxh7+ Kf8 71. Qh6+ Kf7) 69. Qf4+ $2 (69. Qd6 Qb1+ 70. Kh2) 69... Kg6 {[%emt 0:00:01] [#]} (69... Kg7 $142 70. Qg4+ Kf8) 70. Qg4+ (70. a5 $1 $18 {Black must now prevent Qg3+.} Qb5 71. Qe4+ Kg7 72. Qe7+ Kg6 73. Qa3) 70... Kh6 (70... Kf7 $16 {was worth a try.} 71. Qf5 Kg7) 71. Qf5 ({White should try} 71. a5 $18) 71... Qc6 $2 (71... Kg7 $16 {might work better.} 72. a5 Qa6) 72. Qf4+ Kg6 {[%emt 0:00:01] [#]} 73. a5 (73. Qg3+ $1 $18 Kf7 74. a5) 73... Qb5 (73... Qc3 $16) 74. Qg3+ (74. Qe4+ $18 Kg7 75. Qe7+ Kg6 76. Qa3) 74... Kh6 $2 (74... Kf7 $16) 75. Qe3+ $2 (75. Qd6 Kg6 76. a6) 75... Kg6 76. Qa3 {[%emt 0:00:03] Intending a6 and mate.} Qf1+ $2 (76... Qa6 77. Kg1 Kf7 78. Qa2+ Kf8) 77. Kh2 {[%emt 0:00:01] White threatens a6 and mate.} Qf4+ 78. Qg3+ {[%emt 0:00:01] Weighted Error Value: White=0.27 (precise) /Black=0.30} 1-0